[Event "Fagernes Open 2021"]
[Site "Fagernes"]
[Date "2021.10.17"]
[Round "9.18"]
[White "Bø, Torgeir Haraldstad"]
[Black "Evenshaug, Amadeus Hestvik"]
[Result "1/2-1/2"]
[ECO "D02"]
[WhiteElo "1613"]
[BlackElo "1609"]
[Annotator "NA"]
[PlyCount "99"]
[EventDate "2021.10.10"]
[EventCountry "NOR"]
[SourceTitle "playchess.com"]
[Source "ChessBase"]
[SourceQuality "1"]
[TimeControl "40/5400+30:1800+30"]

1. d4 Nf6 2. Nf3 d5 3. c3 Bf5 4. Qb3 b6 5. c4 e6 6. Nc3 c6 7. Bf4 Bd6 8. Bg3 O-O 9. e3 Bxg3 10. hxg3 Nbd7 11. Nh4 Bg6 12. Nxg6 hxg6 13. Be2 Qe7 14. O-O-O Rfc8 15. Rh2 dxc4 16. Rdh1 Kf8 17. Bxc4 b5 18. Be2 a5 19. Kb1 a4 20. Qc2 Qd6 21. Rh8+ Ng8 22. g4 a3 23. b3 Qb4 24. Bf3 Ndf6 25. Qd3 Nd5 26. Ne4 Ke7 27. g5 f5 28. Nc5 Nc3+ 29. Ka1 Na4 30. Qc2 Qc3+ 31. Qxc3 Nxc3 32. Rc1 Nd5 33. Bxd5 exd5 34. b4 Kd6 35. Nb7+ Kc7 36. Na5 Kd6 37. Rc3 Ne7 38. Rxc8 Rxc8 39. Rxa3 Rc7 40. Rc3 Nc8 41. Kb2 Nb6 42. Rc1 Nd7 43. g3 Nb6 44. Kc3 Nc8 45. Kd3 Kd7 46. Rh1 Nd6 47. f3 Ke7 48. Rc1 Kd7 49. Rh1 Ke7 50. Rc1 1/2-1/2